General information
- name: BNet
- type: Ladder 1vs1/FFA
- host: Battle.net
- saver: Boogaloo_Shrimp
map: CentaurGrove
- players: 2
- length: 91:38
- speed: Fast
- version: 1.26 W3XP
- replay type: Public
» download(214 KB)
Players
team 1 (loser)

»
TheFrenchMaid (
teal | 18 APM | 1680 actions | 91:37)
7 Far Seer
3 Feral Spirit
3 Chain Lighting
1 Earth Quake
5 Pit Lord
3 Howl of Terror
1 Cleaving Attack
1 Rain of Fire
6 Pandaren Brewmaster
3 Drunken Brawler
2 Drunken Haze
1 Storm Earth and Fire
» actions
| Assign group hotkey | 36 | |
| Basic commands | 30 | |
| Build / train | 92 | |
| Enter build submenu | 21 | |
| Enter hero's abilities submenu | 18 | |
| Give item / drop item | 15 | |
| Remove unit from queue | 3 | |
| Right click | 681 | |
| Select / deselect | 598 | |
| Select group hotkey | 68 | |
| Use ability | 117 | |
1680 total
» units
| Peon | 16 | |
| Grunt | 8 | |
| Troll Headhunter/Berserker | 9 | |
| Wind Rider | 11 | |
| Troll Batrider | 4 | |
| Raider | 4 | |
| Goblin Shredder | 1 | |
53 total
» upgrades
| Ranged Weapons | 1 | |
| Ensnare | 1 | |
| Pillage | 1 | |
| Berserker Strength | 1 | |
4 total
» buildings
| Altar of Storms | 1 | |
| Barracks | 1 | |
| Orc Burrow | 5 | |
| War Mill | 1 | |
| Stronghold | 2 | |
| Beastiary | 2 | |
| Voodoo Lounge | 1 | |
| Great Hall | 4 | |
| Fortress | 2 | |
19 total
» build order
00:05 Altar of Storms
00:08 Barracks
00:24 Orc Burrow
02:11 War Mill
02:54 Orc Burrow
03:41 Orc Burrow
03:44 Stronghold
06:21 Beastiary
06:49 Beastiary
07:16 Voodoo Lounge
08:11 Orc Burrow
13:52 Great Hall
14:59 Orc Burrow
21:52 Fortress
32:23 Great Hall
36:50 Great Hall
48:50 Great Hall
61:25 Stronghold
64:06 Fortress
» items
| Healing Salve | 2 | |
| Orb of Lightning | 3 | |
| Potion of Healing | 2 | |
7 total
team 2 (winner)
Boogaloo_Shrimp (
yellow | 48 APM | 4417 actions | 91:38)
10 Blademaster
3 Wind Walk
3 Critical Strike
1 Bladestorm
3 Mirror Image
5 Firelord
3 Incinerate
2 Soul Burn
5 Dark Ranger
3 Life Drain
2 Silence
» actions
| Assign group hotkey | 96 | |
| Basic commands | 206 | |
| Build / train | 179 | |
| ESC pressed | 6 | |
| Enter build submenu | 144 | |
| Enter hero's abilities submenu | 21 | |
| Give item / drop item | 35 | |
| Right click | 1852 | |
| Select / deselect | 1053 | |
| Select group hotkey | 434 | |
| Use ability | 391 | |
4417 total
» units
| Peon | 35 | |
| Wind Rider | 4 | |
| Troll Batrider | 21 | |
| Goblin Shredder | 3 | |
| Goblin Zeppelin | 9 | |
| Troll Witch Doctor | 3 | |
| Demolisher | 1 | |
| Goblin Sapper | 10 | |
| Razormane Medicine Man | 1 | |
| Centaur Outrunner | 1 | |
88 total
» upgrades
| Ranged Weapons | 3 | |
| Witch Doctor Training | 2 | |
| Envenomed Spears | 1 | |
| Liquid Fire | 1 | |
| Troll Regeneration | 1 | |
| Armor | 1 | |
| Reinforced Defenses | 1 | |
| Spiked Barricades | 3 | |
13 total
» buildings
| Altar of Storms | 1 | |
| Orc Burrow | 90 | |
| Voodoo Lounge | 4 | |
| War Mill | 2 | |
| Stronghold | 5 | |
| Watch Tower | 55 | |
| Beastiary | 3 | |
| Spirit Lodge | 1 | |
| Fortress | 2 | |
| Barracks | 1 | |
| Great Hall | 4 | |
168 total
» build order
00:08 Altar of Storms
00:20 Orc Burrow
01:03 Voodoo Lounge
01:20 War Mill
01:58 Orc Burrow
02:50 Stronghold
02:50 Stronghold
03:10 Watch Tower
03:14 Watch Tower
03:26 Watch Tower
03:39 Watch Tower
04:25 Watch Tower
04:57 Orc Burrow
05:15 Beastiary
05:20 Beastiary
07:18 Orc Burrow
08:43 Spirit Lodge
09:26 Fortress
11:37 Watch Tower
11:38 Watch Tower
11:46 Barracks
12:26 Orc Burrow
13:31 Great Hall
13:35 Watch Tower
13:36 Watch Tower
13:36 Watch Tower
13:37 Watch Tower
13:38 Watch Tower
13:38 Watch Tower
14:47 Watch Tower
15:53 Voodoo Lounge
15:56 Orc Burrow
17:32 Beastiary
21:42 Great Hall
21:46 Watch Tower
21:47 Watch Tower
21:48 Watch Tower
21:48 Watch Tower
21:50 Watch Tower
21:51 Watch Tower
21:52 Watch Tower
21:54 Watch Tower
21:55 Watch Tower
21:57 Watch Tower
22:41 Watch Tower
22:47 Watch Tower
24:17 Stronghold
24:44 Watch Tower
24:46 Watch Tower
24:46 Watch Tower
24:47 Watch Tower
24:48 Watch Tower
24:49 Watch Tower
24:50 Watch Tower
24:50 Watch Tower
24:50 Watch Tower
26:44 Fortress
29:12 Great Hall
29:16 Great Hall
31:48 Watch Tower
31:52 Watch Tower
31:53 Watch Tower
31:55 Watch Tower
32:07 Watch Tower
32:15 Watch Tower
32:19 Watch Tower
32:21 Watch Tower
32:23 Watch Tower
34:13 Watch Tower
34:14 Watch Tower
34:17 Watch Tower
34:18 Watch Tower
34:29 Voodoo Lounge
34:33 Watch Tower
34:34 Watch Tower
34:35 Watch Tower
34:42 Watch Tower
35:58 Watch Tower
35:59 Watch Tower
36:02 Watch Tower
36:14 Orc Burrow
36:18 Orc Burrow
36:19 Orc Burrow
36:25 Orc Burrow
36:40 Orc Burrow
36:42 Orc Burrow
36:59 Orc Burrow
37:04 Orc Burrow
37:19 Orc Burrow
37:35 Orc Burrow
37:45 Orc Burrow
51:28 Orc Burrow
51:30 Orc Burrow
51:33 Orc Burrow
51:36 Orc Burrow
51:37 Orc Burrow
51:38 Orc Burrow
51:43 Orc Burrow
51:44 Orc Burrow
51:48 Orc Burrow
52:36 Orc Burrow
52:39 Orc Burrow
52:41 Orc Burrow
52:44 Orc Burrow
52:47 Orc Burrow
52:50 Orc Burrow
52:54 Orc Burrow
52:58 Orc Burrow
52:59 Orc Burrow
53:03 Orc Burrow
53:11 Orc Burrow
53:15 Orc Burrow
53:25 Orc Burrow
53:39 Orc Burrow
53:41 Orc Burrow
53:44 Orc Burrow
53:47 Orc Burrow
53:49 Orc Burrow
54:05 Orc Burrow
54:12 Orc Burrow
54:15 Orc Burrow
54:18 Orc Burrow
54:23 Orc Burrow
54:26 Orc Burrow
54:29 Orc Burrow
54:37 Orc Burrow
54:42 Orc Burrow
54:52 Orc Burrow
54:58 Orc Burrow
55:09 Orc Burrow
55:14 Orc Burrow
55:17 Orc Burrow
55:21 Orc Burrow
55:23 Orc Burrow
61:39 Orc Burrow
61:40 Orc Burrow
61:41 Orc Burrow
61:57 Orc Burrow
61:58 Orc Burrow
62:02 Orc Burrow
63:13 Orc Burrow
63:15 Orc Burrow
63:16 Orc Burrow
64:26 Orc Burrow
64:27 Orc Burrow
64:28 Orc Burrow
65:33 Orc Burrow
66:31 Orc Burrow
66:32 Orc Burrow
66:35 Orc Burrow
66:39 Orc Burrow
67:11 Orc Burrow
67:16 Orc Burrow
67:50 Orc Burrow
67:52 Orc Burrow
71:15 Orc Burrow
71:18 Orc Burrow
71:20 Orc Burrow
71:22 Orc Burrow
75:54 War Mill
78:34 Voodoo Lounge
83:26 Orc Burrow
83:40 Orc Burrow
85:03 Orc Burrow
87:05 Orc Burrow
88:15 Orc Burrow
» items
| Lesser Clarity Potion | 10 | |
| Healing Salve | 4 | |
| Scroll of Speed | 1 | |
| Boots of Speed | 1 | |
| Orb of Lightning | 2 | |
| Tiny Great Hall | 5 | |
| Potion of Healing | 6 | |
| Periapt of Vitality | 6 | |
| Scroll of Healing | 1 | |
| Potion of Lesser Invulnerability | 2 | |
| Circlet of Nobility | 5 | |
| Potion of Mana | 4 | |
| Scroll of Protection | 1 | |
48 total
Chat log
(01:03 / All) TheFrenchMaid: Awesome name.
(25:23 / All) Boogaloo_Shrimp: worth?
(25:41 / All) TheFrenchMaid: Worth what?
(25:56 / All) Boogaloo_Shrimp: to kill my tech
(25:58 / All) Boogaloo_Shrimp: your entire army?
(26:09 / All) Boogaloo_Shrimp: you know there was no gold left in that base right?
(26:28 / All) TheFrenchMaid: I have none left at all.
(26:31 / All) Boogaloo_Shrimp: man, some people just shouldnt play strategy games
(26:41 / All) Boogaloo_Shrimp: you lost a long time ago buddy ;)
(26:56 / All) TheFrenchMaid: Why don't you attack me?
(27:02 / All) Boogaloo_Shrimp: why bother? :P
(27:13 / All) Boogaloo_Shrimp: all youre doing is pumping out free experience and suiciding it
(27:31 / All) TheFrenchMaid: Experience for what?
(27:41 / All) Boogaloo_Shrimp: you know what heroes are right?
(27:51 / All) Boogaloo_Shrimp: have you played the campaigns at least
(27:59 / All) TheFrenchMaid: Yeah, but you're not using them.
(28:08 / All) Boogaloo_Shrimp: actually ive killed everything you threw at me
(28:36 / All) Boogaloo_Shrimp: yay exp
(28:47 / All) Boogaloo_Shrimp: do you even look at your units?
(29:14 / All) TheFrenchMaid: Yeah, but there's not much I can do about it.
(29:18 / All) Boogaloo_Shrimp: control?
(29:19 / All) Boogaloo_Shrimp: play?
(29:21 / All) Boogaloo_Shrimp: strategy?
(29:25 / All) Boogaloo_Shrimp: leave? :P
(29:42 / All) TheFrenchMaid: I won't leave until you attack me.
(29:48 / All) Boogaloo_Shrimp: get comfy :)
(30:01 / All) TheFrenchMaid: Shouldn't be too hard.
(30:10 / All) TheFrenchMaid: I have no units and no gold.
(30:17 / All) Boogaloo_Shrimp: now whos fault is that
(31:55 / All) TheFrenchMaid: Well, there was no point in trying, so I just had fun with it.
(32:01 / All) Boogaloo_Shrimp: buh bye
(32:48 / All) Boogaloo_Shrimp: not leavin?
(32:53 / All) TheFrenchMaid: Nope.
(32:57 / All) Boogaloo_Shrimp: they never leave
(33:00 / All) Boogaloo_Shrimp: always too angry
(33:02 / All) Boogaloo_Shrimp: there im attacking you
(33:13 / All) Boogaloo_Shrimp: finally an expo
(33:16 / All) Boogaloo_Shrimp: an undefended expo
(33:17 / All) Boogaloo_Shrimp: fail
(33:38 / All) TheFrenchMaid: Not angry, I just want to finnish the game.
(33:42 / All) Boogaloo_Shrimp: they always deny
(33:46 / All) Boogaloo_Shrimp: why is tht
(34:34 / All) TheFrenchMaid: It bugs me when people leave.
(34:44 / All) Boogaloo_Shrimp: it amuses me
(34:50 / All) Boogaloo_Shrimp: especially when theyre grammar nazis :)
(38:56 / All) Boogaloo_Shrimp: we regret to announce that this gold mine has been closed for safety concerns
(39:02 / All) Boogaloo_Shrimp: please pardon the inconvenience
(42:17 / All) Boogaloo_Shrimp: nice
(42:21 / All) Boogaloo_Shrimp: my bm is getting a bj
(42:41 / All) Boogaloo_Shrimp: MY ORC COCK IS MADE OF IRON
(42:53 / All) Boogaloo_Shrimp: YOU WILL NEVER DESTROY IT WITH YOUR TINY AXE
(42:58 / All) Boogaloo_Shrimp: BUT THAT FEELS GOOD
(43:06 / All) Boogaloo_Shrimp: MAN
(43:24 / All) TheFrenchMaid: I like how his regeneration rate is faster than the attack.
(43:29 / All) Boogaloo_Shrimp: i noticed
(43:40 / All) Boogaloo_Shrimp: you know i left a gold mine for you
(43:47 / All) Boogaloo_Shrimp: 4 oclock
(43:56 / All) Boogaloo_Shrimp: slooooow blademaster
(44:05 / All) Boogaloo_Shrimp: hye
(44:05 / All) Boogaloo_Shrimp: hey
(44:06 / All) Boogaloo_Shrimp: hey
(44:07 / All) Boogaloo_Shrimp: hey
(44:12 / All) Boogaloo_Shrimp: youre going the wrong way
(44:39 / All) TheFrenchMaid: You don't even know where I'm going.
(44:53 / All) Boogaloo_Shrimp: you must have moar gold
(45:30 / All) Boogaloo_Shrimp: i told you that mine is closed
(45:42 / All) TheFrenchMaid: I'll break through eventually.
(45:52 / All) Boogaloo_Shrimp: not really
(46:07 / All) TheFrenchMaid: Also, pillage is getting me gold.
(46:10 / All) Boogaloo_Shrimp: your peon will die from spiked barracades
(46:34 / All) TheFrenchMaid: He's not losing any life.
(46:39 / All) Boogaloo_Shrimp: hey look, spikey things
(46:47 / All) Boogaloo_Shrimp: plan b?
(47:15 / All) Boogaloo_Shrimp: want some gold i have 40k
(47:57 / All) TheFrenchMaid: You can't give it to me.
(48:07 / All) Boogaloo_Shrimp: if you had a hero could give you items to sell
(48:23 / All) Boogaloo_Shrimp: but you couldnt keep him alive
(48:43 / All) TheFrenchMaid: Why can't the peon attack air units but he can repair them?
(48:58 / All) Boogaloo_Shrimp: thats actually a good question
(49:31 / All) Boogaloo_Shrimp: uh oh
(49:36 / All) Boogaloo_Shrimp: SAPPERS INCOMING
(49:43 / All) Boogaloo_Shrimp: lol jk
(50:23 / All) TheFrenchMaid: Anyone in those zeppelins?
(50:40 / All) Boogaloo_Shrimp: my dk and mass fiends
(50:46 / All) Boogaloo_Shrimp: does anybody use anything else in wc3?
(52:31 / All) Boogaloo_Shrimp: watch out for them spikes
(53:52 / All) Boogaloo_Shrimp: you can still mine
(53:59 / All) Boogaloo_Shrimp: but you must go through the MAZE OF DEATH
(54:38 / All) TheFrenchMaid: The ai is not smart enough for that.
(54:46 / All) Boogaloo_Shrimp: well you'll just have to mine manually
(54:47 / All) Boogaloo_Shrimp: wont you
(56:38 / All) TheFrenchMaid: Almost enough for my hero.
(56:45 / All) Boogaloo_Shrimp: hooray
(59:15 / All) Boogaloo_Shrimp: here ill level up your hero
(60:44 / All) Boogaloo_Shrimp: get another hero
(60:55 / All) Boogaloo_Shrimp: i wanna do arena
(61:14 / All) Boogaloo_Shrimp: i recommend a panda or tinker
(61:16 / All) TheFrenchMaid: Need to upgrade my great hall first.
(61:22 / All) Boogaloo_Shrimp: well make it snappy lol
(62:36 / All) Boogaloo_Shrimp: you gonna kill my bm or not :D
(62:47 / All) TheFrenchMaid: Nope.
(62:50 / All) Boogaloo_Shrimp: :(
(65:12 / All) Boogaloo_Shrimp: hmm
(65:13 / All) Boogaloo_Shrimp: pit lord
(65:17 / All) Boogaloo_Shrimp: a dubious choice for arena
(65:27 / All) Boogaloo_Shrimp: well level him up on the bm
(65:44 / All) TheFrenchMaid: Fine...
(65:53 / All) Boogaloo_Shrimp: youll want to move the far seer away
(66:52 / All) Boogaloo_Shrimp: much better
(67:37 / All) Boogaloo_Shrimp: you should give em orbs
(69:48 / All) Boogaloo_Shrimp: aw cmon lemme level up
(70:23 / All) Boogaloo_Shrimp: hey
(70:25 / All) Boogaloo_Shrimp: you have gold
(70:48 / All) TheFrenchMaid: Yup.
(70:55 / All) Boogaloo_Shrimp: 3 o clock
(71:46 / All) Boogaloo_Shrimp: pssh lemme level
(72:07 / All) TheFrenchMaid: Fine.
(72:37 / All) Boogaloo_Shrimp: towers dont give exp
(72:40 / All) Boogaloo_Shrimp: :\
(75:00 / All) Boogaloo_Shrimp: :(
(79:03 / All) Boogaloo_Shrimp: THE TIDE OF BATTLE CALLS
(79:11 / All) Boogaloo_Shrimp: WHO WILL BE THE FIRST TO ENTER THE COLLOSEUM OF DEATH
(79:43 / All) Boogaloo_Shrimp: EQUIP YOUR HEROES AND PREPARE
(82:56 / All) Boogaloo_Shrimp: A FEW PALTRY SPECTATORS ARE MAIMED BUT IT IS ALL IN GOOD FUN
(83:09 / All) Boogaloo_Shrimp: FOR THE YELLOW TEAM, FLASHFIRE WILL ENTER FIRST
(83:12 / All) TheFrenchMaid: Far See is gonna suck.
(83:32 / All) Boogaloo_Shrimp: We, who are about to die, salute you.
(83:49 / All) Boogaloo_Shrimp: Let the battle commence.
(84:08 / All) Boogaloo_Shrimp: A close match indeed.
(84:18 / All) Boogaloo_Shrimp: THE DEATH BLOW
(84:22 / All) Boogaloo_Shrimp: JUST IN TIME
(84:38 / All) Boogaloo_Shrimp: A worthy match of mutual destruction, the fans are pleased.
(84:57 / All) Boogaloo_Shrimp: Now who challenges the slutty goth Anya Eversong?
(85:14 / All) TheFrenchMaid: Is there any other kind of goth?
(85:16 / All) Boogaloo_Shrimp: Let battle be joined.
(85:20 / All) Boogaloo_Shrimp: It is...on.
(85:46 / All) Boogaloo_Shrimp: A powerfable crit.
(85:54 / All) Boogaloo_Shrimp: But the life drain is too great
(86:02 / All) Boogaloo_Shrimp: A REMARKABLE TURN OF EVENTS
(86:07 / All) Boogaloo_Shrimp: THE PANDAS EMERGE VICTORIOUS
(86:38 / All) Boogaloo_Shrimp: NOW THE FINAL CHALLENGER
(86:50 / All) Boogaloo_Shrimp: WHO DARES TO CHALLENGE DAISHO
(87:11 / All) Boogaloo_Shrimp: The pit lord is merely a warmup
(87:31 / All) TheFrenchMaid: Pretty much.
(87:41 / All) TheFrenchMaid: Level 5 vs 9.
(87:55 / All) Boogaloo_Shrimp: THE BLADEMASTER SCOFFS AT THIS MEDIOCRE CHALLENGE
(88:02 / All) Boogaloo_Shrimp: LET BOTH HEROES ATTACK
(88:55 / All) Boogaloo_Shrimp: FINAL ATTACK
(89:07 / All) Boogaloo_Shrimp: AND THE BATTLE IS WON
(89:24 / All) Boogaloo_Shrimp: THE BATRIDERS SWOOP DOWN FOR THE VICTORY AIRSHOW
(90:34 / All) Boogaloo_Shrimp: PARADISE BURNS
(90:48 / All) Boogaloo_Shrimp: CAN NO ONE SAVE IT
(90:56 / All) TheFrenchMaid: Just in time too.
(91:08 / All) TheFrenchMaid: I have to go play the ukulele.
(91:25 / All) Boogaloo_Shrimp: ORCS CARE NOT FOR UKELELES
(91:32 / All) Boogaloo_Shrimp: SMITE THEE